[Event "*** Titled Tuesday Blitz"]
[Site "Chess.com"]
[Date "2020.01.07"]
[Round "3"]
[White "xamax2000"]
[Black "alishersuleymenov"]
[Result "1-0"]
[WhiteElo "2642"]
[BlackElo "2803"]
[TimeControl "180+2"]
[EndTime "13:37:51 PST"]
[Termination "xamax2000 won on time"]

1. e4 c5 2. Nf3 e6 3. d4 d5 4. exd5 exd5 5. Bb5+ Nc6 6. O-O Nf6 7. Re1+ Be6 8. Ng5 Be7 9. Nxe6 fxe6 10. Rxe6 O-O 11. Bxc6 bxc6 12. Nc3 Qd7 13. Re2 Bd6 14. h3 cxd4 15.
Qxd4 Rab8 16. b3 c5 17. Qd3 d4 18. Ne4 Nd5 19. Bd2 Bc7 20. Rae1 h6 21. Qc4 Rbc8 22. Nxc5 Qd6 23. Re5 Rfd8 24. Rxd5 1-0

[Event "*** Titled Tuesday Blitz"]
[Site "Chess.com"]
[Date "2020.01.07"]
[Round "3"]
[White "pedroholly22"]
[Black "chessbia"]
[Result "0-1"]
[WhiteElo "2342"]
[BlackElo "2195"]
[TimeControl "180+2"]
[EndTime "13:37:52 PST"]
[Termination "chessbia won by checkmate"]

1. e4 e5 2. Nf3 Nc6 3. Bb5 a6 4. Ba4 Nf6 5. O-O Be7 6. Re1 b5 7. Bb3 O-O 8. h3 d6 9. c3 Nb8 10.
d4 Nbd7 11. Nbd2 c5 12. d5 c4 13. Bc2 Nc5 14. b4 cxb3 15. axb3 Bd7 16. Nf1 Qc7 17. Ng3 Rfc8 18. Ba3 a5 19. Rc1 Qb6 20. Nh4 b4 21. cxb4 axb4 22. Bb2 Ra2 23. Nhf5 Bf8 24. Rb1 g6 25.
Ne3 Bb5 26. Qc1 Nd3 27. Qd2 Nxe1 28. Qxe1 Ba6 29. Bd1 Bh6 30. Rc1 Rxb2 31. Ra1 Bd3 32. Nef5 Bf8 33. Ne3 Qd4 34. h4 Nxe4 35. Nxe4 Bxe4 36.
Ra4 Rb8 37. h5 Bh6 38. hxg6 hxg6 39. Ng4 Bg5 40. Kh2 Bxd5 41. f3 Qf4+ 42. Kh3 Be6 43. g3 Bxg4+ 44. fxg4 Qf2 45. Qf1 Qh2# 0-1

[Event "*** Titled Tuesday Blitz"]
[Site "Chess.com"]
[Date "2020.01.07"]
[Round "3"]
[White "Perecke"]
[Black "vova-79"]
[Result "0-1"]
[WhiteElo "2166"]
[BlackElo "2542"]
[TimeControl "180+2"]
[EndTime "13:37:53 PST"]
[Termination "vova-79 won by resignation"]

1. e4 e6 2. d4 d5 3. Nc3 dxe4 4. Nxe4 Nd7 5. Nf3 Ngf6 6. Ng3 Be7 7. Bd3 O-O 8. O-O b6 9. Qe2 Bb7 10. Ne5 c5 11. Nxd7 Qxd7 12. dxc5 Bxc5 13. Be3 Qd5 14. f3 Rfd8 15. Rad1 Bxe3+ 16. Qxe3 Qxa2 17. b3 Qa3 18. Kh1 Qe7 19. Rfe1 Qc7 20. Qg5 h6 21. Qh4 Rd7 22. Nh5 Nxh5 23. Qxh5 Rad8 24. Qg4 Ba6 25. Qe4 Bxd3 26. cxd3 Qc3 27. Re2 Rxd3 28. Rxd3 Qxd3 29.
Qe5 Qb1+ 30. Re1 Rd1 0-1

[Event "*** Titled Tuesday Blitz"]
[Site "Chess.com"]
[Date "2020.01.07"]
[Round "3"]
[White "Rakesh"]
[Black "SavelijTartakover"]
[Result "0-1"]
[WhiteElo "2452"]
[BlackElo "2713"]
[TimeControl "180+2"]
[EndTime "13:37:54 PST"]
[Termination "SavelijTartakover won by resignation"]

1. e4 e6 2. d4 d5 3. Bd3 dxe4 4.
Bxe4 Nf6 5. Bf3 c5 6. Ne2 Be7 7. Nbc3 O-O 8. Be3 Qa5 9. O-O Rd8 10. Qe1 cxd4 11. Nxd4 e5 12. Nb3 Qa6 13. Rd1 Nc6 14. Be2 b5 15. Bxb5 Qb7 16. Rxd8+ Nxd8 17. Qd2 Bf5 18. Rd1 Ne6 19. Na5 Qc7 20. Nc6 Bf8 21. Bg5 Nxg5 22. Qxg5 Bxc2 23. Rc1 a6 24. Rxc2 axb5 25.
Nxb5 Qb6 26. Qxe5 Re8 27. a4 Rxe5 28. Nxe5 Qa5 29. Nf3 Qxa4 0-1

[Event "*** Titled Tuesday Blitz"]
[Site "Chess.com"]
[Date "2020.01.07"]
[Round "3"]
[White "Alexander_Moskalenko"]
[Black "PotapovaM"]
[Result "1-0"]
[WhiteElo "2805"]
[BlackElo "2500"]
[TimeControl "180+2"]
[EndTime "13:37:54 PST"]
[Termination "Alexander_Moskalenko won by resignation"]

1. Nf3 Nf6 2. b3 g6 3. Bb2 Bg7 4.
g3 b6 5. d4 Bb7 6. Bg2 O-O 7. c4 e6 8. O-O a5 9. Qc2 Be4 10. Qc1 Bb7 11. Nc3 Ne4 12. d5 Nxc3 13. Bxc3 Na6 14. Bxg7 Kxg7 15. e4 Nc5 16. Qc3+ Kg8 17.
Rae1 d6 18. a3 e5 19. b4 axb4 20. axb4 Nd7 21. Ra1 Qe7 22. h4 Nf6 23. Nd2 Kg7 24.
c5 bxc5 25. bxc5 dxc5 26. Rab1 Ba6 27. Rfc1 Nd7 28. Nb3 Rfb8 29. Ra1 c4 30. Na5 Qc5 31. Bh3 Nf6 32. Nc6 Rb3 33. Qxb3 Qxc6 34. Qe3 Qb7 35. Bf1 Qb4 36. Bxc4 Bb7 37. Rab1 1-0

[Event "*** Titled Tuesday Blitz"]
[Site "Chess.com"]
[Date "2020.01.07"]
[Round "3"]
[White "SiddharthGMJagadeesh"]
[Black "quesfr"]
[Result "0-1"]
[WhiteElo "2530"]
[BlackElo "2214"]
[TimeControl "180+2"]
[EndTime "13:38:02 PST"]
[Termination "quesfr won on time"]

1. d4 d5 2. c4 e6 3. Nc3 Be7 4. cxd5 exd5 5. Bf4 Nf6 6. e3 O-O 7. Bd3 c5 8. dxc5 Bxc5 9. Nge2 Nc6 10. O-O d4 11. exd4 Nxd4 12. Nxd4 Qxd4 13. Be3 Qe5 14. Re1 Ng4 15. Bxc5 Qxc5 16. Qf3 Bd7 17. Ne4 Qf5 18. Qxf5 Bxf5 19. Nf6+ Nxf6 20. Bxf5 Rfe8 21. g4 g6 22. g5 gxf5 0-1

[Event "*** Titled Tuesday Blitz"]
[Site "Chess.com"]
[Date "2020.01.07"]
[Round "3"]
[White "r31415"]
[Black "snowlord"]
[Result "0-1"]
[WhiteElo "2480"]
[BlackElo "2768"]
[TimeControl "180+2"]
[EndTime "13:38:04 PST"]
[Termination "snowlord won by checkmate"]

1. e4 e5 2. Nf3 Nc6 3. Bc4 Nf6 4. d3 Bc5 5. c3 d6 6. O-O a6 7. Bb3 Ba7 8. Nbd2 O-O 9. Re1 Ng4 10.
Re2 Kh8 11. h3 Nh6 12. Nf1 f5 13. Bxh6 gxh6 14. exf5 Bxf5 15. d4 Bxh3 16. dxe5 Rxf3 17. gxh3 Qg5+ 18. Kh1 Rxh3+ 19. Nh2 Qf4 20. f3 Nxe5 21. Bd5 c6 22. Be4 d5 23. Bb1 Rg8 24. Qc2 Rg6 25. Qd1 Qxf3+ 26. Rg2 Qxg2# 0-1

[Event "*** Titled Tuesday Blitz"]
[Site "Chess.com"]
[Date "2020.01.07"]
[Round "3"]
[White "Alopekos"]
[Black "NTBT_DHS"]
[Result "1/2-1/2"]
[WhiteElo "2424"]
[BlackElo "2629"]
[TimeControl "180+2"]
[EndTime "13:38:04 PST"]
[Termination "Game drawn by repetition"]

1. e4 c5 2. Nc3 Nc6 3. Nge2 e6 4. d4 cxd4 5. Nxd4 a6 6. Be3 Bb4 7. Nxc6 bxc6 8. Qd4 Bxc3+ 9. bxc3 Nf6 10. Bg5 h6 11. Bh4 Qa5 12. Bxf6 gxf6 13. Qxf6 Rg8 14. g3 e5 15. Qf3 Rb8 16. Bc4 d5 17. exd5 Qc5 18. Bb3 Bg4 19. Qe3 Qxe3+ 20. fxe3 Bf3 21. O-O Bxd5 22. e4 Be6 23. Bxe6 fxe6 24. Rf6 Ke7 25. Raf1 Rb2 26. Rxh6 Rxc2 27. Rff6 Rb8 28. Rxe6+ Kf7 29. Rhf6+ Kg7 30. Rg6+ Kf7 31. Rgf6+ Kg7 32. Rg6+ Kh8 33.
Rh6+ Kg8 34. Rhg6+ Kf8 35. Rgf6+ Kg8 36. Rg6+ Kh7 37.
Rh6+ Kg7 38. Rhg6+ 1/2-1/2

[Event "*** Titled Tuesday Blitz"]
[Site "Chess.com"]
[Date "2020.01.07"]
[Round "3"]
[White "vugarrasulov"]
[Black "chesstatour"]
[Result "1-0"]
[WhiteElo "2840"]
[BlackElo "1979"]
[TimeControl "180+2"]
[EndTime "13:38:05 PST"]
[Termination "vugarrasulov won on time"]

1. Nf3 Nf6 2. c4 c5 3. Nc3 Nc6 4. g3 g6 5. Bg2 Bg7 6. d4 cxd4 7. Nxd4 O-O 8. O-O Nxd4 9. Qxd4 d6 10. Qh4 Qa5 11.
Bd2 Qh5 12. Qxh5 gxh5 13. Rac1 Rb8 14. c5 Ne8 15. Nd5 e6 16. Ne7+ Kh8 17. cxd6 Nxd6 18. Bb4 Nb5 19. e3 a6 20. a4 Na7 21. Bd6 Ra8 22.
b4 Re8 23. Rfd1 Bf8 24. Be5+ Bg7 25. Bxg7+ Kxg7 26. Rc7 Rb8 27. Rdc1 Nc6 28. Bxc6 bxc6 29. Nxc6 Rb6 30. a5 Rb5 31. Nd4 Rb8 32. R1c6 e5 33. Nf3 Bb7 34. Kg2 Bxc6 35. Rxc6 Rxb4 36. Rxa6 Rb5 37. Ra7 Kf6 38. h4 Rd8 39. Ng5 Rdd5 40. a6 Ra5 41. Rxf7+ Kg6 42. e4 Rd6 43. Rxh7 Raxa6 44. Rh8 Rf6 45. Nf3 Ra5 46. Rg8+ Kf7 47. Rg5 Ra2 48.
Rxh5 1-0

[Event "*** Titled Tuesday Blitz"]
[Site "Chess.com"]
[Date "2020.01.07"]
[Round "3"]
[White "Ariadna_Atreides"]
[Black "Bad4life"]
[Result "0-1"]
[WhiteElo "2055"]
[BlackElo "2315"]
[TimeControl "180+2"]
[EndTime "13:38:06 PST"]
[Termination "Bad4life won by resignation"]

1. d4 d5 2. Nf3 Nf6 3. c4 e6 4. Nc3 Bb4 5. e3 O-O 6. Bd3 Re8 7. O-O b6 8. a3 dxc4 9. Bxc4 Bd6 10. e4 Be7 11. e5 Nd5 12. Nxd5 exd5 13. Bd3 Ba6 14. b4 Bxd3 15. Qxd3 Nd7 16. Be3 Nf8 17. Rac1 Ne6 18. Nd2 a5 19. Rb1 axb4 20. axb4 Ra4 21. b5 Qd7 22. f4 Nxd4 23. Bxd4 Rxd4 24. Qe2 Qf5 25. g3 h5 26. Nf3 Re4 27. Qa2 d4 28. Rfd1 Rd8 29. Rb3 Qg4 30. Kf2 Re3 31. Rbd3 Qxf3+ 32. Kg1 Rxd3 33. Rxd3 Qxd3 0-1

[Event "*** Titled Tuesday Blitz"]
[Site "Chess.com"]
[Date "2020.01.07"]
[Round "3"]
[White "Borsuk_Konstantin"]
[Black "Lukianoo"]
[Result "0-1"]
[WhiteElo "2483"]
[BlackElo "2803"]
[TimeControl "180+2"]
[EndTime "13:38:11 PST"]
[Termination "Lukianoo won by resignation"]

1. d4 Nf6 2. c4 e6 3. Nc3 Bb4 4.
e3 c5 5. a3 Bxc3+ 6. bxc3 d6 7. f3 O-O 8. e4 Nc6 9. Be3 b6 10. Qa4 Na5 11. e5 cxd4 12. cxd4 dxe5 13. dxe5 Nd7 14.
f4 Bb7 15. Rd1 Qh4+ 16. Bf2 Qxf4 17. Qxd7 Qxe5+ 18. Ne2 Qb2 19. Qd3 e5 20. Qc3 Qa2 21. Ra1 Qxc4 22. Qxc4 Nxc4 23. Nc3 Na5 24. h4 f5 25. Rh3 f4 26. Bd3 Bxg2 27. Rh2 Bc6 28. Be4 Rac8 29. Nd5 Rf7 30. Rd1 Kf8 31. Bxh7 e4 32. Nb4 e3 33. Bg1 Bf3 34. Rd4 Rc1+ 0-1

[Event "*** Titled Tuesday Blitz"]
[Site "Chess.com"]
[Date "2020.01.07"]
[Round "3"]
[White "Yaacovn"]
[Black "vlad_Sid"]
[Result "1-0"]
[WhiteElo "2807"]
[BlackElo "2598"]
[TimeControl "180+2"]
[EndTime "13:38:15 PST"]
[Termination "Yaacovn won by resignation"]

1. d4 Nf6 2. Nf3 c5 3. c3 d5 4.
Bf4 Nc6 5. e3 Qb6 6. Qc2 g6 7.
Nbd2 Bf5 8. dxc5 Qxc5 9. Qb3 Na5 10. Qa4+ Bd7 11. Qd4 Qxd4 12. exd4 Rc8 13. Ne5 Bg7 14.
Be2 Nc6 15. O-O O-O 16. Rfe1 Bf5 17. Nb3 Nxe5 18. Bxe5 Ne4 19. Bf4 Rfd8 20. Bd3 Kf8 21. f3 Nd6 22. Bxd6 Rxd6 23. Bxf5 gxf5 24. Re2 e6 25. Nc1 Ke7 26. Nd3 b6 27. a4 Rc4 28.
Kf2 a5 29. g3 Rd8 30. h3 h5 31. Ke3 Bh6+ 32. Kf2 Bg7 33. Ra2 Bf6 34. Nf4 h4 35. g4 Bg5 36. Nd3 fxg4 37. hxg4 Rh8 38. f4 h3 39. Kg3 Bf6 40. Rh2 Rb8 41. Rxh3 Rg8 42. Kf3 Rcc8 43. Ra1 Rg7 44. g5 Bxg5 45. fxg5 Rxg5 46.
Rg3 Rf5+ 47. Ke2 Rh8 48. Rf1 Rh2+ 49. Rf2 Rfxf2+ 50. Nxf2 Kf8 51. Kf1 Rh4 52. Kg2 Rh6 53.
Ng4 Rh8 54. Ne5 Ke7 55. Rg7 Rf8 56. Ng6+ Kf6 57. Nxf8 Kxg7 58. Nd7 b5 59. axb5 a4 60. b6 e5 61. b7 exd4 1-0

[Event "*** Titled Tuesday Blitz"]
[Site "Chess.com"]
[Date "2020.01.07"]
[Round "3"]
[White "MathiasWomacka"]
[Black "Keaton87"]
[Result "1/2-1/2"]
[WhiteElo "2341"]
[BlackElo "2612"]
[TimeControl "180+2"]
[EndTime "13:38:19 PST"]
[Termination "Game drawn by repetition"]

1. e4 c5 2. Nf3 d6 3. d4 Nf6 4. Nc3 cxd4 5. Nxd4 g6 6. Be3 Bg7 7. f3 O-O 8. Qd2 Nc6 9. O-O-O Nxd4 10. Bxd4 Be6 11. Kb1 Qc7 12. h4 Rfc8 13. h5 Qa5 14. hxg6 fxg6 15. a3 Rab8 16. g4 Bf7 17. g5 Nh5 18.
Bxg7 Nxg7 19. Bh3 Rc7 20. Bg4 b5 21. Qh2 Nh5 22. Nd5 Rcb7 23. c3 Qa4 24. Bxh5 gxh5 25. Nf4 b4 26. cxb4 Rxb4 27. axb4 Ba2+ 28. Kc1 Rc8+ 29. Kd2 Qxb4+ 30. Ke3 Qb6+ 31. Rd4 e5 32. Ne2 Bf7 33. Qh3 Rc2 34. Qd7 Bc4 35. Qe8+ Kg7 36. Qe7+ Kg8 37. Qe8+ Kg7 38. Qe7+ Kg8 39. Qe8+ 1/2-1/2

[Event "*** Titled Tuesday Blitz"]
[Site "Chess.com"]
[Date "2020.01.07"]
[Round "3"]
[White "MiroVlasenko"]
[Black "wonderfultime"]
[Result "0-1"]
[WhiteElo "2692"]
[BlackElo "2969"]
[TimeControl "180+2"]
[EndTime "13:38:23 PST"]
[Termination "wonderfultime won by resignation"]

1. d4 d5 2. Bf4 Nf6 3. e3 e6 4.
Nf3 Bd6 5. Ne5 O-O 6. Nd2 c5 7.
c3 Nc6 8. Bd3 Qc7 9. Ndf3 cxd4 10. exd4 Ne4 11. Qe2 f6 12. Nxc6 Bxf4 13. Nb4 Nxc3 14.
Qc2 Ne4 15. Bxe4 dxe4 16. Qxe4 Bd6 17. a3 a5 18. Nd3 Bd7 19. Rc1 Qb6 20. O-O Rfe8 21.
Rfe1 Bc6 22. Qe2 Bd5 23. Nd2 Qxd4 24. Nf3 Qg4 25. h3 Qg6 26. Qe3 Rad8 27. Nf4 Bxf4 28. Qxf4 e5 29. Qe3 Bc6 30. Red1 h6 31. Ne1 Qf5 32.
Qb6 Rxd1 33. Rxd1 a4 34. Qe3 Kh7 35. f3 h5 36. Rc1 Rd8 37. Nc2 Rd3 38. Qe2 Bxf3 39.
gxf3 Qg5+ 0-1

[Event "*** Titled Tuesday Blitz"]
[Site "Chess.com"]
[Date "2020.01.07"]
[Round "3"]
[White "tomozupan"]
[Black "coolthing"]
[Result "1-0"]
[WhiteElo "2197"]
[BlackElo "2342"]
[TimeControl "180+2"]
[EndTime "13:38:25 PST"]
[Termination "tomozupan won on time"]

1. d4 Nf6 2. Bg5 e6 3. e4 Be7 4.
e5 Nd5 5. Bxe7 Nxe7 6. Nc3 d5 7.
Qg4 Nf5 8. Bd3 h5 9. Qf4 g5 10. Qd2 Nxd4 11. O-O-O c5 12. f4 Nbc6 13. Nf3 g4 14.
Nxd4 Nxd4 15. Rhf1 Bd7 16. f5 Qa5 17. fxe6 Bxe6 18. Qg5 Qd8 19. Rf6 Qe7 20. Bb5+ Nxb5 21. Nxb5 O-O-O 22. Nxa7+ Kb8 23. Nb5 h4 24. Qe3 b6 25. Rdf1 Rh5 26. Nd6 Rg8 27. a3 Rgg5 28.
Nxf7 Bxf7 29. Rxf7 Qxe5 30. Qb3 Qe6 31. Qa4 Qe3+ 32.
Kb1 1-0

[Event "*** Titled Tuesday Blitz"]
[Site "Chess.com"]
[Date "2020.01.07"]
[Round "3"]
[White "VFernandezB"]
[Black "HouseOfDurin"]
[Result "0-1"]
[WhiteElo "2290"]
[BlackElo "2127"]
[TimeControl "180+2"]
[EndTime "13:38:25 PST"]
[Termination "HouseOfDurin won by resignation"]

1. d4 Nf6 2. c4 c5 3. dxc5 e6 4. Nf3 Bxc5 5. g3 O-O 6. Bg2 d5 7. O-O dxc4 8. Nbd2 c3 9. bxc3 Bd7 10. Ne5 Bc6 11. Nxc6 Nxc6 12. Nb3 Qxd1 13. Rxd1 Bb6 14. Bxc6 bxc6 15. Ba3 Rfd8 16. Nd4 Ne4 17. Rac1 e5 18. Nxc6 Rxd1+ 19. Rxd1 Nxf2 20. Rd7 f6 21. Kg2 Ne4 22. Ne7+ Kf7 23. Rb7 Ke6 24. c4 Bc5 25. Nd5 Rc8 26. Bxc5 Rxc5 27. Re7+ Kd6 28. Rxg7 Rxc4 29. Rxa7 Kxd5 30.
Rxh7 Rc2 31. Kf1 Rxa2 32. Rb7 Kd4 33. Rb4+ Ke3 34. Rb3+ Kd4 35. Rb4+ Kd5 36. Rb5+ Ke6 37. g4 Nc3 38. Rb6+ Kf7 39. h4 Nxe2 40. g5 fxg5 41.
hxg5 Nf4 42. Rf6+ Kg7 43. Rf5 Ra5 44. Kf2 Kg6 45. Rf6+ Kxg5 46. Rb6 Kf5 47. Kf3 Ra3+ 48. Kf2 Ne6 49. Rb8 Nd4 50. Rf8+ Ke4 51. Re8 Ra2+ 52.
Kg3 Re2 53. Re7 Kd3 54. Kg4 e4 55. Kf4 e3 56. Re8 Rf2+ 57. Kg3 Rf3+ 58. Kg2 Rf2+ 59.
Kg3 Rf6 60. Re7 e2 61. Re8 Re6 62. Rxe6 Nxe6 63. Kf2 Kd2 0-1

[Event "*** Titled Tuesday Blitz"]
[Site "Chess.com"]
[Date "2020.01.07"]
[Round "3"]
[White "INLOVEWITHF"]
[Black "Walter_White_Poland"]
[Result "0-1"]
[WhiteElo "2424"]
[BlackElo "2242"]
[TimeControl "180+2"]
[EndTime "13:38:36 PST"]
[Termination "Walter_White_Poland won by checkmate"]

1. d4 Nf6 2. c4 e6 3. Nc3 d5 4. Nf3 Be7 5. Bf4 O-O 6. e3 c6 7.
Qc2 Nbd7 8. O-O-O b5 9. cxb5 cxb5 10. Bxb5 Nb6 11. Ne5 Bb7 12. Bd3 Rc8 13. Kb1 Ne4 14. Bxe4 dxe4 15. Qb3 Bd5 16. Nxd5 exd5 17. h3 f6 18. Ng4 Nc4 19. f3 Bd6 20. Qa4 Bxf4 21. exf4 e3 22. b3 Nd2+ 23. Kb2 Qc7 24. Rc1 Qxf4 25.
Rc7 Qxc7 26. Nxe3 Qc3+ 27. Ka3 Qxe3 28. Qb5 Nc4+ 29. Kb4 Nb6 30. Ka5 Qd2+ 31. Ka6 Qxa2+ 32. Kb7 Rf7+ 33. Qd7 Rxd7# 0-1

[Event "*** Titled Tuesday Blitz"]
[Site "Chess.com"]
[Date "2020.01.07"]
[Round "3"]
[White "Karacsonyi_Gellert"]
[Black "pedromartinez91"]
[Result "0-1"]
[WhiteElo "2554"]
[BlackElo "2373"]
[TimeControl "180+2"]
[EndTime "13:38:37 PST"]
[Termination "pedromartinez91 won by resignation"]

1. e4 e6 2. d4 d5 3. e5 c5 4.
c3 Nc6 5. Nf3 Qb6 6. a3 c4 7.
Be2 Bd7 8. O-O Na5 9. Nbd2 Ne7 10. Qc2 Qc7 11. Rb1 Nc8 12. b4 cxb3 13. Qd3 Nb6 14.
Nxb3 Nac4 15. Nfd2 Be7 16. f4 g6 17. Nxc4 dxc4 18. Qg3 cxb3 19. Rxb3 Ba4 20. Bb5+ Bxb5 21.
Rxb5 Rc8 22. Bd2 a6 23. Rbb1 Nc4 24. Be1 b5 25. Qf3 Qc6 26. Qd3 h5 27. h3 a5 28. Kh2 a4 29. Ra1 Bxa3 30. Ra2 Bb2 31. Bh4 a3 32. Qg3 Qd5 33. Qg5 Qd8 34. Qg3 Qd7 35. Rd1 Nb6 36. d5 Nxd5 37. Qf2 Rxc3 38. Rxb2 axb2 39. Qxb2 b4 40. f5 gxf5 41. Qa2 Rg8 42.
Qa8+ Rc8 43. Qa5 Qc6 44. Qa7 Qa8 45. Qf2 Ne3 46. Rg1 Rxg2+ 47. Rxg2 Qxg2+ 48. Qxg2 Nxg2 0-1

[Event "*** Titled Tuesday Blitz"]
[Site "Chess.com"]
[Date "2020.01.07"]
[Round "3"]
[White "chessdjw"]
[Black "KhazarBabazada"]
[Result "0-1"]
[WhiteElo "2659"]
[BlackElo "2921"]
[TimeControl "180+2"]
[EndTime "13:38:38 PST"]
[Termination "KhazarBabazada won by checkmate"]

1. d4 Nf6 2. Nf3 g6 3. g3 Bg7 4.
Bg2 O-O 5. O-O c6 6. b3 d5 7. Bb2 a5 8. c4 a4 9. e3 Bf5 10. Qe2 h5 11. Rd1 e6 12. Nh4 Nbd7 13. Nxf5 gxf5 14.
Ba3 Re8 15. Nc3 h4 16. gxh4 Ne4 17. Nxe4 fxe4 18. Qg4 f5 19. Qg5 Kh7 20. cxd5 Qxg5 21. hxg5 exd5 22. h4 Kg6 23. Bd6 Rh8 24. Bg3 Ra6 25.
Bf1 Ra7 26. Be2 Nc5 27. b4 Ne6 28. Kg2 Raa8 29. Rac1 Raf8 30. b5 f4 31. exf4 Nxf4+ 32. Kf1 cxb5 33. Bxb5 Nh5 34. Ke2 Rf3 35. Bd6 Rd8 36.
Bc7 Rdf8 37. Rf1 Bxd4 38. Bxa4 Rxf2+ 39. Rxf2 Rxf2+ 40. Ke1 Nf4 41. Be8+ Kg7 42. Bxf4 Rxf4 43. Rc7+ Kf8 44. Bg6 Bf2+ 45. Kd1 Bxh4 46. Rxb7 Bxg5 47.
a4 d4 48. a5 d3 49. Ke1 Rf6 50. Bxe4 d2+ 51. Kd1 Rf1+ 52. Ke2 d1=Q# 0-1

[Event "*** Titled Tuesday Blitz"]
[Site "Chess.com"]
[Date "2020.01.07"]
[Round "3"]
[White "2165149677570"]
[Black "ChainsOfFantasia"]
[Result "0-1"]
[WhiteElo "2279"]
[BlackElo "2510"]
[TimeControl "180+2"]
[EndTime "13:38:38 PST"]
[Termination "ChainsOfFantasia won by resignation"]

1. d4 Nf6 2. Nf3 e6 3. Bf4 Bd6 4. e3 O-O 5. Nbd2 Bxf4 6. exf4 b6 7. g3 Bb7 8. Bg2 c5 9. O-O Qe7 10. Nc4 cxd4 11. Qxd4 Nc6 12. Qd2 d5 13. Nce5 Nxe5 14. Nxe5 Rac8 15. c3 Rfd8 16. Qd4 Qc5 17. Rad1 Nd7 18.
Nxd7 Rxd7 19. Rfe1 Qxd4 20. Rxd4 Kf8 21. Bf1 Rc5 22. a4 Rdc7 23. Re5 Bc6 24. f5 Bd7 25. fxe6 fxe6 26. f4 Ke7 27. Bd3 g6 28. h4 Kd6 29. h5 Be8 30. h6 Ra5 31. Ree4 Ke7 32. Re5 Rxa4 33. Rdxd5 Ra2 34. Kg2 Rxb2+ 35. Kh3 Rxc3 36.
Be4 Rbb3 37. Rd2 Rxg3+ 38. Kh2 Rh3+ 39. Kg2 Rxh6 0-1

[Event "*** Titled Tuesday Blitz"]
[Site "Chess.com"]
[Date "2020.01.07"]
[Round "3"]
[White "IMRosen"]
[Black "moro182"]
[Result "0-1"]
[WhiteElo "2578"]
[BlackElo "2761"]
[TimeControl "180+2"]
[EndTime "13:38:41 PST"]
[Termination "moro182 won by resignation"]

1. d4 d5 2. Bf4 c5 3. e3 Nc6 4.
Nf3 Nf6 5. Nbd2 e6 6. c3 Bd6 7.
Bg3 O-O 8. Bb5 Be7 9. dxc5 Bxc5 10. Bd3 Re8 11. e4 e5 12. O-O Bg4 13. Qc2 Rc8 14. Bh4 d4 15. h3 Bh5 16. c4 h6 17. a3 a5 18. Rfe1 g5 19. Bg3 Bg6 20. Rab1 Nh5 21. Nf1 Nf4 22. Qd2 Kh7 23. Red1 Qf6 24. Ne1 Bf8 25. f3 h5 26. b4 axb4 27. axb4 Bh6 28. Qf2 Nd8 29. Rb3 Nde6 30. c5 g4 31. fxg4 hxg4 32.
h4 Kg7 33. Bc4 Ra8 34. Nd3 Nxd3 35. Rbxd3 Qxf2+ 36. Bxf2 Bxe4 37. Rb3 Nf4 38. Bg3 Bc2 39. Rbb1 Bxb1 40. Rxb1 e4 41. Bb5 Red8 42. Rd1 d3 43.
Ne3 Ne2+ 44. Kf2 Bxe3+ 45. Kxe3 Nxg3 0-1

[Event "*** Titled Tuesday Blitz"]
[Site "Chess.com"]
[Date "2020.01.07"]
[Round "3"]
[White "kasparicy"]
[Black "francyIM"]
[Result "0-1"]
[WhiteElo "2300"]
[BlackElo "2603"]
[TimeControl "180+2"]
[EndTime "13:38:42 PST"]
[Termination "francyIM won by resignation"]

1. e4 c6 2. d4 d5 3. f3 g6 4.
Be3 Bg7 5. Nc3 Nf6 6. Qd2 h5 7. O-O-O Be6 8. Kb1 Nbd7 9. h4 a5 10. Nge2 a4 11. Nf4 Nf8 12. exd5 Nxd5 13. Ncxd5 Bxd5 14. c4 Be6 15. d5 Bf5+ 16. Bd3 Bxd3+ 17. Qxd3 cxd5 18.
Nxd5 Nd7 19. Rhe1 e6 20. Bg5 Qc8 21. Rxe6+ Kf8 22. Be7+ Kg8 23. Bd6 Kh7 24. Ne7 Nc5 25. Bxc5 Qxe6 26. Nd5 a3 27. Bd4 axb2 28. Bxg7 Kxg7 29.
Qc3+ f6 30. Re1 Qf5+ 31. Kxb2 Rhe8 32. Rxe8 Rxe8 33. g4 Re2+ 34. Kb3 Qb1+ 0-1

[Event "*** Titled Tuesday Blitz"]
[Site "Chess.com"]
[Date "2020.01.07"]
[Round "3"]
[White "Vugar_Manafov"]
[Black "DrRiebert"]
[Result "1-0"]
[WhiteElo "2591"]
[BlackElo "2374"]
[TimeControl "180+2"]
[EndTime "13:38:43 PST"]
[Termination "Vugar_Manafov won by resignation"]

1. Nf3 Nf6 2. g3 d5 3. Bg2 c6 4. O-O Bf5 5. d3 h6 6. Nbd2 Nbd7 7. b3 e5 8. Bb2 Bd6 9. e4 dxe4 10. dxe4 Bg4 11. h3 Bxf3 12. Qxf3 Qe7 13. Nc4 Bc5 14. a4 O-O 15. Rfd1 Rfd8 16. Rd2 b5 17. axb5 cxb5 18. Na5 Qe6 19. Qf5 Qb6 20. c3 Qc7 21. Bf1 Rab8 22.
b4 Be7 23. Rad1 a6 24. h4 g6 25. Qf3 Nb6 26. Rxd8+ Rxd8 27. Rxd8+ Bxd8 28. Nb3 Be7 29. Bc1 Kg7 30. Qe3 Ng8 31. h5 Bg5 32. f4 exf4 33.
gxf4 Be7 34. hxg6 fxg6 35. Qd4+ Nf6 36. e5 Nfd5 37. Bd2 Qd7 38. Nc5 Bxc5 39. bxc5 Nc4 40. e6+ 1-0

[Event "*** Titled Tuesday Blitz"]
[Site "Chess.com"]
[Date "2020.01.07"]
[Round "3"]
[White "Zubrrr"]
[Black "kingofthenil"]
[Result "0-1"]
[WhiteElo "2735"]
[BlackElo "2491"]
[TimeControl "180+2"]
[EndTime "13:38:45 PST"]
[Termination "kingofthenil won on time"]

1. c4 e6 2. g3 Nf6 3. Bg2 d5 4. Nf3 Be7 5. O-O O-O 6. d4 c6 7. Qc2 b6 8. Nbd2 c5 9. e4 Nc6 10.
dxc5 bxc5 11. cxd5 exd5 12. exd5 Nxd5 13. a3 Rb8 14. Re1 Qb6 15. Nc4 Qb5 16. Bg5 Be6 17.
Bxe7 Ndxe7 18. Ng5 Bf5 19. Qc3 h6 20. Ne4 Nd5 21.
Qc1 Bxe4 22. Bxe4 Rfd8 23. Ne3 Nf6 24. Bxc6 Qxc6 25. Nf5 Qf3 26. Qxc5 Rxb2 27. Nh4 Qd3 28. Rac1 Ne4 29. Qe7 Nxf2 0-1

[Event "*** Titled Tuesday Blitz"]
[Site "Chess.com"]
[Date "2020.01.07"]
[Round "3"]
[White "riconaipe"]
[Black "AntonSmirnov"]
[Result "0-1"]
[WhiteElo "2588"]
[BlackElo "2881"]
[TimeControl "180+2"]
[EndTime "13:38:50 PST"]
[Termination "AntonSmirnov won by resignation"]

1. d4 d5 2. c4 c6 3. Nf3 Nf6 4. Nc3 dxc4 5. a4 Bf5 6. e3 e6 7.
Bxc4 Bb4 8. O-O O-O 9. Qe2 Bg6 10. Rd1 Nbd7 11. Ne5 Qa5 12. Nxg6 hxg6 13. Bd2 Rad8 14.
Na2 Bxd2 15. Qxd2 Qh5 16. Qe2 Qh4 17. Nc3 Nb6 18. Bb3 Nbd5 19. a5 Nxc3 20. bxc3 Ne4 21. Rdc1 Rd7 22. Bc4 Rfd8 23. Bd3 Nf6 24. Rcb1 Ng4 25.
h3 Nf6 26. Rb3 g5 27. Qf3 g4 28. Qg3 Qxg3 29. fxg3 gxh3 30. gxh3 Rc8 31. c4 c5 32.
d5 Rcc7 33. e4 exd5 34. exd5 Ne8 35. Re1 Nd6 36. Bf1 Re7 37. Rbe3 Kf8 38. Kf2 Rxe3 39.
Rxe3 Re7 40. g4 Rxe3 41. Kxe3 g5 42. Kd3 Ke7 43. Bg2 Kf6 44. Be4 Ke5 45. Bh7 b6 46.
axb6 axb6 47. Bg8 f6 48. Be6 Kf4 49. Kc3 Kg3 50. Kb3 Kxh3 51. Ka4 Kg3 52. Kb3 Kf4 53. Kc3 Ke3 54. Bd7 Ne4+ 55. Kb3 Kd4 56. Bf5 Nd6 57. Ka4 Nxf5 58. gxf5 Ke5 59. Kb5 Kd6 60. Kxb6 g4 0-1

[Event "*** Titled Tuesday Blitz"]
[Site "Chess.com"]
[Date "2020.01.07"]
[Round "3"]
[White "Jbd735"]
[Black "Incognito_Knight"]
[Result "0-1"]
[WhiteElo "2461"]
[BlackElo "2747"]
[TimeControl "180+2"]
[EndTime "13:38:52 PST"]
[Termination "Incognito_Knight won by checkmate"]

1. e4 e5 2. Nf3 Nc6 3. Bb5 a6 4. Ba4 Nf6 5. O-O b5 6. Bb3 Bc5 7.
d3 O-O 8. c3 d6 9. Be3 Bxe3 10.
fxe3 Be6 11. Nbd2 d5 12. Ng5 h6 13. Nxe6 fxe6 14. exd5 exd5 15. e4 Na5 16. Rxf6 Qxf6 17. Bxd5+ Kh7 18. Bxa8 Qf2+ 19. Kh1 Rxa8 20. Nb3 Nxb3 21.
Qxb3 Rf8 22. Rg1 Qe2 23. Qd5 Qxb2 24. Qxe5 Qxa2 25. Qxc7 a5 26. Qc5 Rf2 27. Qxb5 a4 28. e5 a3 29. h3 Qe2 30. Kh2 a2 31. Qc4 Qxe5+ 32. Kh1 Qe2 33. Ra1 Rxg2 34. Rxa2 Qf1# 0-1